 Dungeon Crawl Stone Soup version 0.26.0-16-gc1dbca0489 (webtiles) character file.

Game seed: 10280661660612770672

2268 zcampers the Cleaver (level 9, 0/79 HPs)
             Began as a Minotaur Berserker on Jan 21, 2021.
             Was an Elder of Trog.
             Slain by a bullfrog (6 damage)
             ... on level 6 of the Dungeon.
             The game lasted 00:09:42 (5608 turns).

zcampers the Cleaver (Minotaur Berserker)           Turns: 5608, Time: 00:09:42

Health: 0/79       AC: 10    Str: 23    XL:     9   Next: 16%
Magic:  8/8        EV: 10    Int:  7    God:    Trog [****..]
Gold:   191        SH:  0    Dex:  9    Spells: 8/8 levels left

rFire    . . .     SeeInvis +   k - +4 battleaxe
rCold    . . .     Faith    .   (shield currently unavailable)
rNeg     . . .     Spirit   .   o - +0 chain mail
rPois    .         Reflect  .   (helmet restricted)
rElec    .         Harm     .   (no cloak)
rCorr    .         Rampage  .   (no gloves)
Will     .....                  (no boots)
Stlth    ..........             (no amulet)
HPRegen  0.23/turn              d - ring of see invisible
MPRegen  0.11/turn              (no ring)

@: no status effects
A: retaliatory headbutt, horns 2
a: Renounce Religion, Berserk, Trog's Hand, Brothers in Arms


You were on level 6 of the Dungeon.
You worshipped Trog.
Trog was greatly pleased with you.
You visited 1 branch of the dungeon, and saw 6 of its levels.

You collected 260 gold pieces.
You spent 69 gold pieces at shops.

Inventory:

Hand Weapons
 c - a +1 whip of venom
 j - a +0 broad axe
 k - a +4 battleaxe (weapon)
Missiles
 g - 15 boomerangs (quivered)
Armour
 o - a +0 chain mail (worn)
Jewellery
 d - a ring of see invisible (left hand)
Wands
 h - a wand of random effects (24)
Scrolls
 a - a scroll of identify
 b - a scroll of teleportation
 f - 3 scrolls of fog
 i - 2 scrolls of remove curse
Potions
 e - a potion of haste


   Skills:
 + Level 7.1 Fighting
 + Level 10.3(10.4) Axes
 + Level 2.3(6.9) Maces & Flails
 + Level 8.0 Armour
 + Level 3.9 Dodging
 + Level 1.0 Stealth


You had 8 spell levels left.
You didn't know any spells.
Your spell library was empty.

Dungeon Overview and Level Annotations

Branches:
Dungeon (6/15)
 Temple: D:4-7

Altars:
Sif Muna

Shops:
D:5 :[*!

Annotations:
D:4 2 transporters, vvl's ghost, novice GrFi


Innate Abilities, Weirdness & Mutations

You reflexively headbutt those who attack you in melee.
You have a pair of horns on your head.


Message History

The white imp closely misses you.
Your ogre hits the orc warrior with a +0 giant club!!!
The orc warrior dies!
Trog accepts your kill.
As you read the scroll of teleportation, it crumbles to dust.
You feel strangely unstable. The white imp hits you.
* * * LOW HITPOINT WARNING * * *
The white imp freezes you.
* * * LOW HITPOINT WARNING * * *
Your ogre hits the ogre with a +0 giant club.
Your ogre hits the white imp with a +0 giant club!
The white imp dies!
Trog accepts your kill.
Found a scroll of random uselessness.
Your surroundings suddenly seem different.
A bullfrog comes into view.
The bullfrog croaks.
Found a stone staircase leading up.
You closely miss the bullfrog. The bullfrog hits you.
You die...

# . .#...
#.#####......
#....@F.....#
#######....#.
....<
..............
.....(..........
................
. ..........=..#
..# ...........#
.... ##......).#


You could see a bullfrog.

Vanquished Creatures
  Pikel (D:4)
  Grinder (D:4)
  Sigmund (D:3)
  Eustachio (D:4)
  2 ogres (D:4)
  2 centaurs
  3 lemures (D:4)
  A bullfrog (D:5)
  A scorpion (D:4)
  3 wights (D:5)
  A howler monkey (D:5)
  2 jellies
  3 orc priests
  2 hounds (D:4)
  2 orc wizards
  2 iguanas (D:4)
  3 worker ants (D:4)
  Robin (D:4)
  8 gnolls
  7 adders
  A shadow imp (D:5)
  2 worms
  5 dart slugs
  3 leopard geckos
  19 orcs
  4 ball pythons
  4 giant cockroaches
  18 goblins
  13 hobgoblins
  12 jackals
  9 kobolds
  A quokka (D:5)
  4 bats
  6 frilled lizards
  6 rats
154 creatures vanquished.

Vanquished Creatures (collateral kills)
  An orc warrior (D:6)
  A white imp (D:6)
2 creatures vanquished.

Grand Total: 156 creatures vanquished

Notes
Turn   | Place    | Note
-------+----------+-------------------------------------------
     0 | D:1      | zcampers the Minotaur Berserker began the quest for the
                  | Orb.
     0 | D:1      | Reached XP level 1. HP: 19/19 MP: 0/0
   210 | D:1      | Reached XP level 2. HP: 26/27 MP: 1/1
   460 | D:1      | Reached skill level 4 in Axes
  1014 | D:2      | Reached XP level 3. HP: 33/34 MP: 2/2
  1066 | D:2      | Reached ** piety under Trog
  1139 | D:2      | Found a faded altar of an unknown god.
  1198 | D:2      | You fall into a shaft and drop 1 floor!
  1371 | D:3      | Reached XP level 4. HP: 35/41 MP: 3/3
  1648 | D:2      | Reached skill level 1 in Maces & Flails
  2027 | D:3      | Reached XP level 5. HP: 38/47 MP: 4/4
  2121 | D:3      | Noticed a centaur
  2129 | D:3      | Killed a centaur
  2130 | D:3      | Reached skill level 5 in Fighting
  2630 | D:3      | Reached *** piety under Trog
  2797 | D:3      | Noticed Sigmund
  2816 | D:3      | Killed Sigmund
  2817 | D:3      | Reached skill level 5 in Axes
  2817 | D:3      | Reached XP level 6. HP: 56/56 MP: 5/5
  3200 | D:4      | Found a transporter.
  3200 | D:4      | Noticed vvl's ghost (novice GrFi)
  3206 | D:4      | Found a transporter.
  3376 | D:4      | Reached skill level 5 in Armour
  3381 | D:4      | Reached XP level 7. HP: 61/61 MP: 6/6
  3522 | D:4      | Found a shimmering blue altar of Sif Muna.
  3525 | D:4      | Reached skill level 6 in Axes
  3970 | D:4      | Noticed Eustachio
  3973 | D:4      | Noticed Robin
  3979 | D:4      | Killed Eustachio
  4002 | D:4      | Killed Robin
  4003 | D:4      | Reached skill level 7 in Axes
  4057 | D:4      | Reached skill level 1 in Stealth
  4177 | D:4      | Reached XP level 8. HP: 67/70 MP: 7/7
  4185 | D:4      | Reached **** piety under Trog
  4399 | D:5      | Entered Level 5 of the Dungeon
  4399 | D:5      | Found Pufed's Book Shop.
  4399 | D:5      | Noticed Grinder
  4399 | D:5      | Noticed Pikel
  4434 | D:4      | Paralysed by Grinder for 4 turns
  4440 | D:4      | Killed Grinder
  4441 | D:4      | Reached skill level 8 in Axes
  4472 | D:4      | Killed Pikel
  4473 | D:4      | Reached skill level 9 in Axes
  5035 | D:5      | Found Uxymior's Distillery.
  5099 | D:5      | Found Sumeank's Assorted Antiques.
  5102 | D:5      | Found Centi's Antique Armour Emporium.
  5130 | D:5      | Bought a scroll labelled BEROCHOVITIE for 23 gold pieces
  5130 | D:5      | Bought a scroll labelled AHOSSUG WEJI for 23 gold pieces
  5130 | D:5      | Bought a scroll labelled YCHUIFI OGHU for 23 gold pieces
  5429 | D:5      | Reached XP level 9. HP: 79/79 MP: 8/8
  5461 | D:5      | Reached skill level 10 in Axes
  5608 | D:6      | Slain by a bullfrog

Illustrated notes

Levels and vault maps discovered:
D:1:      minmay_arrival_jagged, layout_basic
D:2:      layout_basic, chequers_ecumenical_altar_simple_redux,
          grunt_ministairs_12
D:3:      layout_basic, serial_co_window_serial, co_window_of_opportunity_a,
          co_window_corner_a, co_window_paths_a, co_window_paths_a,
          co_window_cross_1, co_window_broadway_b, co_window_paths_c,
          co_window_broadway_a, co_window_corner_b, co_window_corner_ca,
          co_window_corner_b, co_window_corner_b, uniq_sigmund
D:4:      layout_loops_ring, lemuel_round_altar, gammafunk_ghost_mausoleum,
          kennysheep_cluttered_room, uniq_eustachio, uniq_robin
D:5:      layout_basic, serial_shops, shop, shop, shop_statue,
          nicolae_shop_statue_plus, uniq_grinder, uniq_pikel
D:6:      layout_rooms, minmay_temple_entry_offerings, serial_shops, shop,
          grunt_ministairs_10

Skill      XL: |  1  2  3  4  5  6  7  8  9 |
---------------+----------------------------+-----
Fighting       | 4 5 7 |  7.1
Axes           | 4 5 7 9 10 | 10.3
Armour         | 3 4 5 6 7 8 |  8.0
Maces & Flails | 1 2 |  2.3
Dodging        | 3 |  3.9
Stealth        | 1 |  1.0

Action                   |  1- 3 |  4- 6 |  7- 9 || total
-------------------------+-------+-------+-------++-------
Melee: Hand axe          |    10 |       |       ||    10
       Whip              |    53 |     9 |       ||    62
       Headbutt          |     7 |    11 |    20 ||    38
       War axe           |       |    90 |   139 ||   229
       Broad axe         |       |       |    10 ||    10
       Battleaxe         |       |       |    13 ||    13
Invok: Berserk           |     1 |     3 |     5 ||     9
       Trog's Hand       |       |     1 |     3 ||     4
       Brothers in Arms  |       |       |     1 ||     1
  Use: Scroll            |       |     5 |     6 ||    11
       Potion            |       |     4 |     2 ||     6
Armor: Animal skin       |     2 |       |       ||     2
       Ring mail         |    13 |    16 |       ||    29
       Chain mail        |       |    28 |   116 ||   144
Dodge: Dodged            |    52 |    72 |   123 ||   247
